 Dungeon Crawl Stone Soup version 0.16.1-51-g6203257 (webtiles) character file.

2296 mossdog the Caller (level 9, -2/65 HPs)
             Began as a Merfolk Summoner on July 31, 2015.
             Was an Initiate of Sif Muna.
             Slain by a hound (3 damage)
             ... on level 8 of the Dungeon on Aug 1, 2015.
             The game lasted 01:36:49 (12991 turns).

mossdog the Caller (Merfolk Summoner)              Turns: 12991, Time: 01:36:49

Health: -2/65      AC:  3    Str: 20    XL:     9   Next: 40%
Magic:  11/22      EV: 16    Int: 16    God:    Sif Muna [......]
Gold:   204        SH:  0    Dex: 15    Spells: 5 memorised, 6 levels left

rFire  + . .     SeeInvis .     J - +2 quarterstaff (chaos)
rCold  . . .     Clarity  .     P - -1 robe of Grace {Str+6}
rNeg   . . .     SustAb   .     (no shield)
rPois  .         Gourm    .     (no helmet)
rElec  .         Spirit   .     (no cloak)
rCorr  .         Warding  .     (no gloves)
rMut   .         Stasis   .     (no boots)
MR     .....                    (no amulet)
Stlth  +++.......               e - ring of wizardry
                                O - ring of invisibility

@: mighty, not resistant to hostile enchantments, fairly stealthy
A: change form in water, swift swim, slimy green scales 1, fire resistance 1,
sense surroundings 1
a: Renounce Religion, Evoke Invisibility


You were on level 8 of the Dungeon.
You worshipped Sif Muna.
Sif Muna was noncommittal.
You were full.

You visited 1 branch of the dungeon, and saw 8 of its levels.

You collected 270 gold pieces.
You spent 66 gold pieces at shops.

Inventory:

Hand weapons
 o - a +2 dagger of protection
 q - a +0 blowgun
 r - a +0 shortbow
 y - a +1 whip of pain
 z - the +7 long sword "Ygaupt" {elec, +Fly rF+, unknown}
   (You found it on level 8 of the Dungeon)

   Occasionally, upon striking a foe, it will discharge some electrical energy
   and cause terrible harm.
   It protects you from fire.
   It lets you fly.
 F - a +1 hunting sling of freezing
 G - a +2 hand axe of chopping
 H - a cursed -2 mace
 J - a +2 quarterstaff of chaos (weapon)
 K - a +2 mace of protection
 N - a +0 scythe of venom
 R - a +0 blowgun
Missiles
 p - 40 bolts
 s - 8 needles of sleeping
 w - 6 bolts of penetration
 D - 10 stones (quivered)
 Q - 26 poisoned needles
 Y - 9 bolts of flame
Armour
 a - a +0 robe
 C - a +0 robe of fire resistance
 M - a +1 leather armour of cold resistance
 P - the -1 robe of Grace (worn) {Str+6}
   (You found it on level 4 of the Dungeon)

   It affects your strength (+6).
 W - the +2 leather armour "Hero's Friend" {Dex+2}
   (You found it on level 5 of the Dungeon)

   It affects your dexterity (+2).
Jewellery
 e - a ring of wizardry (right hand)
 O - a ring of invisibility (left hand)
Magical devices
 f - a wand of cold (6)
 T - a wand of slowing (20)
 X - a wand of paralysis (11)
Scrolls
 d - a scroll of silence {unknown}
 h - 2 scrolls of remove curse
 i - a scroll of blinking {unknown}
 m - 2 scrolls of magic mapping {unknown}
 t - 2 scrolls of immolation {unknown}
 u - a scroll of enchant armour {unknown}
 x - a scroll of noise {unknown}
 B - a scroll of recharging {unknown}
 Z - a scroll of random uselessness {unknown}
Potions
 c - a potion of mutation
 g - 2 potions of restore abilities
 l - 3 potions of haste {unknown}
 v - a potion of brilliance
 A - 2 potions of heal wounds {unknown}
 I - 2 potions of berserk rage {unknown}
 L - a potion of degeneration {unknown}
 S - 2 potions of poison {unknown}
 U - a potion of flight {unknown}
Books
 b - a book of Callings

   Spells                             Type                      Level
   a - Summon Small Mammal            Summoning                    1
   b - Call Imp                       Summoning                    2
   c - Call Canine Familiar           Summoning                    3
   d - Summon Guardian Golem          Hexes/Summoning              4
   e - Summon Lightning Spire         Summoning/Air                4
   f - Summon Ice Beast               Ice/Summoning                4
Comestibles
 j - a meat ration
 k - 4 fruits


   Skills:
 + Level 4.1 Fighting
 + Level 5.6 Short Blades
 + Level 2.4(2.5) Maces & Flails
 + Level 0.8(1.7) Staves
 + Level 2.3(2.9) Slings
 + Level 2.9(3.5) Throwing
 + Level 2.3 Armour
 + Level 6.6 Dodging
 + Level 5.1 Stealth
 + Level 3.3 Unarmed Combat
 + Level 6.2 Spellcasting
 + Level 7.6 Summonings
 + Level 3.4 Ice Magic


You had 6 spell levels left.
You knew the following spells:

 Your Spells              Type           Power        Failure   Level  Hunger
a - Summon Small Mammal   Summ           ####         1%          1    None
b - Call Imp              Summ           ####....     1%          2    #......
c - Call Canine Familiar  Summ           ####....     1%          3    ##.....
d - Summon Ice Beast      Ice/Summ       ###.....     6%          4    ####...
e - Summon Guardian Gole  Hex/Summ       ###.....     14%         4    ####...


Dungeon Overview and Level Annotations

Branches:
Dungeon (8/15)             Temple (0/1) D:6
   Lair: D:8-11

Altars:
Cheibriados
Dithmenos
Makhleb
Okawaru
Sif Muna
Trog
Zin
The Shining One

Shops:
D:4 %   D:5 ?

Annotations:
D:3 Grinder


Innate Abilities, Weirdness & Mutations

You revert to your normal form in water.
You are very nimble and swift while swimming.
You are partially covered in slimy green scales (AC +2).
Your flesh is heat resistant.
You passively map a small area around you.


Message History

You miss something. Something barely misses you.
Something bites you but does no damage. Something barely misses you.
Drink which item? (? for menu, Esc to quit)
You feel very mighty all of a sudden. Something closely misses you.
Something bites you but does no damage.
You closely miss something. Something barely misses you. Something bites you.
* * * LOW HITPOINT WARNING * * *
Something bites you.
* * * LOW HITPOINT WARNING * * *
You miss something. Something bites you.
* * * LOW HITPOINT WARNING * * *
Something bites you.
* * * LOW HITPOINT WARNING * * *
Drink which item? (? for menu, Esc to quit)
You feel better. Something bites you.
* * * LOW HITPOINT WARNING * * *
Something bites you!
* * * LOW HITPOINT WARNING * * *
Something bites you.
You die...

, , ... . , ,
## , ,..#.# *
, ,
....###.#.# *
#.......#
####### * #.#
* #.....( #.#
, , , ,
#.##### #.# ,
, , #.# , *
#)########
,#.# #
#.{@.....#
#.# #
########.#
,#.# # #.#
,#.# # #.#
#.# # *
#.#####.# # *
#.......#####
*
#.#####......
### #.#####
#.#


There were no monsters in sight!

Vanquished Creatures
  An orc warrior (D:6)
  An ice beast (D:5)
  An ogre (D:6)
  2 giant frogs
  2 scorpions
  An electric eel (D:6)
  A crimson imp (D:5)
  A goliath beetle (D:6)
  2 giant frog zombies
  A centaur skeleton (D:6)
  2 orc wizards
  5 worker ants
  A giant frog skeleton (D:7)
  4 hounds
  2 iguanas
  Ijyb (D:4)
  3 gnolls
  7 adders
  A shadow imp (D:5)
  A giant gecko (D:3)
  6 orcs
  A ball python (D:4)
  A bat (D:2)
  A bat skeleton (D:4)
  A bat zombie (D:6)
  A giant cockroach (D:5)
  8 goblins
  6 hobgoblins
  4 jackals
  5 kobolds
  6 quokkas
  3 giant newts
  10 rats
93 creatures vanquished.

Vanquished Creatures (collateral kills)
  A mottled dragon (D:6)
  A wolf (D:5)
  An orc warrior (D:7)
  A black bear (D:6)
  A centaur (D:4)
  Sigmund (D:4)
  3 ogres
  A scorpion (D:4)
  3 crimson imps
  2 orc priests
  3 hounds
  2 jellies
  Crazy Yiuf (D:4)
  A giant frog zombie (D:8)
  A gnoll shaman (D:7)
  2 centaur skeletons
  An orc wizard (D:4)
  2 iguanas
  A killer bee zombie (D:7)
  3 worker ants
  2 worker ant zombies
  12 gnolls
  6 adders
  A giant mite (D:5)
  2 worms
  3 giant geckos
  25 orcs
  3 ball pythons
  6 bats
  A bat skeleton (D:7)
  2 giant cockroaches (D:1)
  11 goblins
  8 hobgoblins
  6 jackals
  10 kobolds
  2 quokkas
  A giant cockroach zombie (D:5)
  4 giant newts
  A giant spore (D:8)
  2 rats
140 creatures vanquished.

Vanquished Creatures (others)
  5 ice beasts
  18 crimson imps
  27 hounds
  5 shadow imps
  11 white imps
  An adder zombie (D:4)
  A goblin (D:4)
  A jackal (D:6)
  2 bats (D:1)
  5 rats (D:1)
  A ballistomycete (D:8)
77 creatures vanquished.

Grand Total: 310 creatures vanquished

Notes
Turn   | Place    | Note
--------------------------------------------------------------
     0 | D:1      | mossdog, the Merfolk Summoner, began the quest for the Orb.
     0 | D:1      | Reached XP level 1. HP: 13/13 MP: 3/3
   463 | D:1      | Reached XP level 2. HP: 19/19 MP: 0/4
   610 | D:1      | Learned a level 2 spell: Call Imp
  1455 | D:2      | Reached XP level 3. HP: 24/24 MP: 1/6
  1515 | D:2      | Learned a level 3 spell: Call Canine Familiar
  1893 | D:2      | Gained mutation: Your flesh is heat resistant. [potion of mutation]
  1893 | D:2      | Gained mutation: You are partially covered in slimy green scales (AC +2). [potion of mutation]
  1893 | D:2      | Gained mutation: You evolve. [potion of mutation]
  2185 | D:2      | Reached XP level 4. HP: 6/30 MP: 2/8
  2527 | D:2      | Found a shadowy altar of Dithmenos.
  3369 | D:3      | Reached skill level 5 in Summonings
  3369 | D:3      | Reached XP level 5. HP: 34/36 MP: 2/11
  3442 | D:3      | Learned a level 4 spell: Summon Ice Beast
  3523 | D:3      | Found a burning altar of Makhleb.
  3787 | D:3      | Noticed Grinder
  3908 | D:4      | Noticed a centaur
  3965 | D:4      | Reached skill level 5 in Short Blades
  3965 | D:4      | Reached skill level 5 in Dodging
  3965 | D:4      | Reached skill level 6 in Summonings
  3965 | D:4      | Reached XP level 6. HP: 9/47 MP: 2/15
  3969 | D:4      | Killed a centaur
  4762 | D:4      | Noticed an ogre
  4776 | D:4      | Killed an ogre
  4878 | D:4      | Noticed Sigmund
  4912 | D:4      | Killed Sigmund
  4912 | D:4      | Reached XP level 7. HP: 52/52 MP: 4/17
  5097 | D:4      | Got a dull robe
  5332 | D:4      | Noticed Crazy Yiuf
  5400 | D:4      | Killed Crazy Yiuf
  5718 | D:4      | Found Evo Quv's Food Emporium.
  6528 | D:4      | Noticed Ijyb
  6566 | D:4      | Killed Ijyb
  6926 | D:5      | Entered Level 5 of the Dungeon
  7303 | D:5      | Found a snail-covered altar of Cheibriados.
  7395 | D:5      | Reached skill level 5 in Spellcasting
  7395 | D:5      | Reached XP level 8. HP: 9/60 MP: 4/20
  7806 | D:5      | Got a crude leather armour
  7812 | D:5      | Found Luynlecy's Magic Scroll Emporium.
  7820 | D:5      | Bought a scroll of identify for 22 gold pieces
  7820 | D:5      | Bought a scroll of identify for 22 gold pieces
  7820 | D:5      | Identified the -1 robe of Grace {Str+6} (You found it on level 4 of the Dungeon)
  7821 | D:5      | Identified the +2 leather armour "Hero's Friend" {Dex+2} (You found it on level 5 of the Dungeon)
  7875 | D:5      | Bought a scroll of identify for 22 gold pieces
  8038 | D:5      | Found an iron altar of Okawaru.
  8039 | D:5      | Found a glowing silver altar of Zin.
  8073 | D:5      | Reached skill level 7 in Summonings
  8626 | D:5      | Found a deep blue altar of Sif Muna.
  8639 | D:5      | Became a worshipper of Sif Muna the Loreminder
  9233 | D:5      | Reached skill level 5 in Stealth
  9883 | D:6      | Found a bloodstained altar of Trog.
  9910 | D:6      | Found a staircase to the Ecumenical Temple.
 10353 | D:6      | Gained mutation: You passively map a small area around you. [evolution]
 10353 | D:6      | Lost mutation: You evolve. [end of evolution]
 10398 | D:6      | Reached XP level 9. HP: 56/65 MP: 21/21
 10433 | D:6      | Found a glowing golden altar of the Shining One.
 12040 | D:7      | Learned a level 4 spell: Summon Guardian Golem
 12888 | D:8      | Got a crude long sword
 12990 | D:8      | HP: 3/65 [something (4)]
 12990 | D:8      | HP: 1/65 [something (2)]
 12991 | D:8      | Slain by a hound

Action                   |  1- 3 |  4- 6 |  7- 9 || total
-------------------------+-------+-------+-------++-------
Melee: Dagger            |    66 |    66 |    13 ||   145
       Quarterstaff      |       |       |   246 ||   246
Throw: Throwing net      |       |       |     1 ||     1
 Cast: Summon Small Mamm |    15 |       |       ||    15
       Call Imp          |    20 |    25 |    97 ||   142
       Call Canine Famil |     4 |    27 |    60 ||    91
       Summon Ice Beast  |       |     1 |    12 ||    13
       Summon Guardian G |       |       |     1 ||     1
Evoke: Wand              |       |       |     2 ||     2
  Use: Potion            |     1 |     3 |     5 ||     9
       Scroll            |       |       |     9 ||     9
 Stab: Sleeping          |       |     1 |     6 ||     7
       Distracted        |       |       |     3 ||     3
       Paralysed         |       |       |     7 ||     7
       Confused          |       |       |     2 ||     2
  Eat: Chunk             |     2 |     6 |    16 ||    24
       Bread ration      |     1 |       |     1 ||     2
       Meat ration       |       |     1 |     3 ||     4
       Pizza             |       |     1 |     1 ||     2
       Fruit             |       |       |     1 ||     1
